 Dungeon Crawl Stone Soup version 0.28-a0-1227-ga9037bb4c8 (webtiles) character file.

Game seed: 1114170985745564866

81 flotson the Ducker (level 4, 0/34 HPs)
             Began as a Demonspawn Gladiator on Dec 23, 2021.
             Slain by a gnoll (6 damage)
             ... on level 2 of the Dungeon.
             The game lasted 00:03:02 (1633 turns).

flotson the Ducker (Demonspawn Gladiator)           Turns: 1633, Time: 00:03:03

Health: 0/34       AC:  7    Str: 16    XL:     4   Next: 19%
Magic:  4/4        EV:  8    Int: 10    God:
Gold:   61         SH:  7    Dex: 14    Spells: 3/3 levels left

rFire   + + .      SeeInvis .   a - +0 war axe
rCold   . . .      Faith    .   n - +0 kite shield
rNeg    . . .      Spirit   .   j - +2 ring mail {rF+}
rPois   .          Reflect  .   (helmet restricted)
rElec   .          Harm     .   (no cloak)
rCorr   .          Rampage  .   (no gloves)
Will    .....                   (no boots)
Stlth   +.........              c - amulet of regeneration
HPRegen 0.91/turn               o - ring of protection from fire
MPRegen 0.09/turn               (no ring)

@: about to teleport
A: antennae 1, weakness stinger 1
a: no special abilities


You were on level 2 of the Dungeon.
You visited 1 branch of the dungeon, and saw 2 of its levels.

You collected 61 gold pieces.

Inventory:

Hand Weapons
 a - a +0 war axe (weapon)
 b - a +0 hunting sling
Missiles
 d - 3 throwing nets (quivered)
 f - 15 poisoned darts
 g - 3 silver javelins
 h - 4 boomerangs
 m - 38 stones
Armour
 j - a +2 ring mail of fire resistance (worn)
 n - a +0 kite shield (worn)
Jewellery
 c - an amulet of regeneration (around neck)
 i - an amulet of the acrobat
 o - a ring of protection from fire (left hand)
Scrolls
 k - a scroll of fog {unknown}
 l - a scroll of teleportation
 p - a scroll of acquirement {unknown}


   Skills:
 + Level 2.7 Fighting
 - Level 2.6 Axes
 + Level 2.5 Throwing
 + Level 1.5 Armour
 + Level 3.2 Dodging
 + Level 0.3 Shields


You had 3 spell levels left.
You didn't know any spells.
Your spell library contained the following spells:

 Spells                   Type           Power      Damage    Failure   Level
 Summon Small Mammal      Summ           0%         N/A       99%         1
 Scorch                   Fire           0%         2d5       100%        2
 Call Canine Familiar     Summ           0%         N/A       100%        3
 Summon Guardian Golem    Hex/Summ       0%         N/A       100%        3
 Flame Wave               Conj/Fire      0%         2d4       100%        4
 Summon Cactus Giant      Summ           0%         N/A       100%        6


Dungeon Overview and Level Annotations

Branches:
Dungeon (2/15)

Altars:


Innate Abilities, Weirdness & Mutations

You have a pair of small antennae on your head.
You have a small tail.


Message History

You shoot a stone. The gnoll shouts! x2
The stone hits the gnoll but does no damage.
The gnoll is heavily wounded.
You shoot a stone. The stone hits the gnoll.
The gnoll is almost dead.
You shoot a stone. The stone closely misses the gnoll.
The gnoll hits you with a +0 flail! The gnoll hits you with a +0 flail.
a - a +0 war axe (weapon)
The gnoll hits you but does no damage.
You barely miss the gnoll. You tail-slap the gnoll.
You kill the gnoll!
The gnoll closely misses you. You block the gnoll's attack.
The gnoll hits you from afar with a +0 spear.
You are too injured to fight recklessly!
You are too injured to fight recklessly!
You block the gnoll's attack. The gnoll hits you with a +0 spear.
You see here a stone.
You barely miss the gnoll. x2; The gnoll closely misses you.
The gnoll hits you with a +0 spear!
* * * LOW HITPOINT WARNING * * *
The gnoll closely misses you.
Unknown command.
You barely miss the gnoll. x2; The gnoll barely misses you.
The gnoll hits you but does no damage. The gnoll hits you with a +0 spear.
* * * LOW HITPOINT WARNING * * *
Unknown command.
You barely miss the gnoll. x2; The gnoll hits you with a +0 spear.
* * * LOW HITPOINT WARNING * * *
The gnoll hits you but does no damage. x2
Okay, then.
Unknown command.
Okay, then.
Unknown command.
It was a potion of magic.
Magic courses through your body. You block the gnoll's attack. x2
As you read the scroll labelled LOKLIS MUXZEO, it crumbles to dust.
You feel strangely unstable.
It was a scroll of teleportation.
You block the gnoll's attack. The gnoll hits you with a +0 spear.
You die...

#.#.##......# #.
#....)......# #.
######†.....###.
#......##..
############......##.#
#...(.........÷...##.#
#....................#
#...).g..............#
#....@g.............##
#......(............#
#.......(...........#
#....(.....(........#
#..........(..#.##.>#
#.............#.##..##
#.............#......#
#.............######..
#.............# ###


You could see 2 gnolls.

Vanquished Creatures
  2 gnolls (D:2)
  An adder (D:2)
  2 dart slugs (D:1)
  5 bats
  4 endoplasms (D:1)
  A giant cockroach (D:1)
  2 goblins
  2 hobgoblins (D:1)
  7 jackals
  6 kobolds
  A quokka (D:1)
  7 ball pythons (D:1)
  3 frilled lizards
  3 rats
46 creatures vanquished.

Vanquished Creatures (others)
  4 demonic plants (D:1)
  2 fungi (D:1)
  3 plants (D:1)
  2 withered plants (D:1)
11 creatures vanquished.

Grand Total: 57 creatures vanquished

Notes
Turn   | Place    | Note
-------+----------+-------------------------------------------
     0 | D:1      | flotson the Demonspawn Gladiator began the quest for the
                  | Orb.
     0 | D:1      | Reached XP level 1. HP: 16/16 MP: 1/1
   295 | D:1      | Discovered your monstrous ancestry.
   295 | D:1      | Gained mutation: You have a pair of small antennae on your
                  | head. [demonic ancestry]
   295 | D:1      | Reached XP level 2. HP: 19/22 MP: 2/2
   505 | D:1      | Reached skill level 1 in Armour
   626 | D:1      | Reached skill level 3 in Dodging
   698 | D:1      | Found a faded altar of an unknown god.
   726 | D:1      | Gained mutation: You have a small tail. [demonic ancestry]
   726 | D:1      | Reached XP level 3. HP: 28/28 MP: 3/3
  1522 | D:2      | Reached XP level 4. HP: 30/34 MP: 4/4
  1633 | D:2      | Slain by a gnoll

Illustrated notes

Levels and vault maps discovered:
D:1:      scummos_arrival_checkerplants, layout_basic,
          shapermc_ecumenical_altar_gd, minmay_3d_cube
D:2:      wander_river, layout_basic, basic_altar, interstate_on_off

Skill      XL: |  1  2 |
---------------+-------+-----
Throwing       | 2 |  2.5
Armour         | 1 |  1.5
Dodging        | 3 |  3.2
Fighting       | |  2.7
Axes           | |  2.6
Shields        | |  0.3

Action                   |  1- 3 |  4- 6 || total
-------------------------+-------+-------++-------
Melee: War axe           |    99 |     7 ||   106
       Tailslap          |     4 |     2 ||     6
 Fire: Hunting sling     |     7 |     8 ||    15
  Use: Scroll            |       |     1 ||     1
       Potion            |       |     1 ||     1
 Stab: Sleeping          |     1 |       ||     1
Armor: Leather armour    |    30 |       ||    30
       Ring mail         |    28 |     7 ||    35
Dodge: Dodged            |    79 |     6 ||    85
Block: Kite shield       |     5 |     7 ||    12

Table legend: (Time is in decaauts)
 A = Elapsed time spent in this place.
 B = Non-inter-level travel time spent in this place.
 C = Inter-level travel time spent in this place.
 D = Time resting spent in this place.
 E = Time spent auto-exploring this place.
 F = Levels seen in this place.
 G = Mean time per level.
                   A        B        C        D        E       F      G
               +--------+--------+--------+--------+--------+-----+--------+
         Total |   1696 |   1569 |    127 |      0 |   1192 |   2 |  848.0 |
       Dungeon |   1696 |   1569 |    127 |      0 |   1192 |   2 |  848.0 |
               +--------+--------+--------+--------+--------+-----+--------+

Top non-repeatable levels by time:
     D:1: 1317 daAuts
     D:2: 379 daAuts
